 Dungeon Crawl Stone Soup version 0.31-a0-844-gdc52ec4e09 (webtiles) character file.

Game seed: 9679442577477176024

386 Kurtz the Chopper (level 6, -4/43 HPs)
             Began as an Octopode Fighter on Oct 1, 2023.
             Was a Follower of Okawaru.
             Slain by a gnoll
             ... wielding a +0 halberd
             ... led by a gnoll sergeant
              (15 damage)
             ... on level 5 of the Dungeon.
             The game lasted 00:03:40 (3025 turns).

Kurtz the Chopper (Octopode Fighter)                Turns: 3025, Time: 00:03:43

Health: -4/43      AC:  1    Str: 15    XL:     6   Next: 78%
Magic:  6/6        EV: 12    Int: 10    God:    Okawaru [*.....]
Gold:   105        SH:  9    Dex: 14    Spells: 5/5 levels left

rFire   . . .        a - +0 war axe
rCold   . . .        p - +0 kite shield
rNeg    . . .        (helmet restricted)
rPois   .            f - amulet of magic regeneration
rElec   .            (no ring)
rCorr   .            (no ring)
SInv    .            (no ring)
Will    .....        (no ring)
Stlth   ++           (no ring)
HPRegen 0.27/turn    (no ring)
MPRegen 0.50/turn    (no ring)
                     (no ring)

%: no passive effects
@: brilliant, invisible
A: almost no armour, amphibious, 8 rings, camouflage 1, gelatinous body 1,
(nimble swimmer 1), tentacles
a: Renounce Religion, Heroism


You were on level 5 of the Dungeon.
You worshipped Okawaru.
Okawaru was aware of your devotion.
You visited 2 branches of the dungeon, and saw 7 of its levels.
You also visited: Sewer.

You collected 176 gold pieces.
You spent 71 gold pieces at shops.

Inventory:

Hand Weapons
 a - a +0 war axe (weapon)
 x - a +0 dagger
 y - a +1 whip of flaming
Missiles
 d - 8 curare-tipped darts
 l - 5 javelins
 m - 18 poisoned darts (quivered)
Armour
 b - a +0 buckler
 p - a +0 kite shield (worn)
Jewellery
 f - an amulet of magic regeneration (around mantle)
Scrolls
 e - a scroll of blinking
 g - a scroll of fog
 h - a scroll of enchant armour {unknown}
 j - 2 scrolls of teleportation {unknown}
 n - a scroll of fear {unknown}
 s - a scroll of poison {unknown}
 t - a scroll of immolation {unknown}
Potions
 c - a potion of might
 i - a potion of magic
 o - a potion of mutation
 q - a potion of brilliance
 u - a potion of haste {unknown}
 w - a potion of enlightenment {unknown}


   Skills:
 * Level 4.3 Fighting
 * Level 5.5 Axes
 - Level 3.0 Dodging
 * Level 3.9 Shields
 * Level 1.2 Invocations


You had 5 spell levels left.
You didn't know any spells.
Your spell library contained the following spells:

 Spells                   Type           Power      Damage    Failure   Level
 Kiss of Death            Conj/Necr      0%         2d5       75%         1
 Confusing Touch          Hex            0%         N/A       98%         3
 Dispel Undead            Necr           0%         3d6       100%        4


Dungeon Overview and Level Annotations

Branches:
Dungeon (6/15)             Temple (1/1) D:4           Sewer (visited)

Altars:
Ashenzari
Cheibriados
Elyvilon
Fedhas
Gozag
Hepliaklqana
Makhleb
Okawaru
Ru
Trog
Uskayaw
Wu Jian
Xom
Yredelemnul

Shops:
D:3 *


Innate Abilities, Weirdness & Mutations

You cannot wear most types of armour.
You are amphibious.
You can wear up to eight rings at the same time.
Your skin changes colour to match your surroundings (Stealth+).
Your rubbery body absorbs attacks. (AC +1, EV +1)
((You are camouflaged when in or above water. (Stealth+)))
You have tentacles for arms and can constrict up to eight enemies at once.


Message History

The gnoll sergeant is heavily wounded.
You barely miss the gnoll. You constrict the gnoll sergeant.
The gnoll hits you with a +0 flail!
* * * LOW HITPOINT WARNING * * *
You block the gnoll sergeant's attack.
It was a potion of curing.
You feel better.
You constrict the gnoll sergeant. You block the gnoll's attack.
The gnoll sergeant hits you with a +0 trident!
* * * LOW HITPOINT WARNING * * *
Unknown command.
It was a potion of brilliance.
You feel clever all of a sudden.
You constrict the gnoll sergeant. You block the gnoll's attack.
The gnoll sergeant misses you.
Unknown command.
It was a potion of invisibility.
You fade into invisibility!
You constrict the gnoll sergeant. The gnoll closely misses you.
You block the gnoll sergeant's attack.
Unknown command.
You feel better.
You constrict the gnoll sergeant. You block the gnoll's attack.
The gnoll sergeant barely misses you.
Unknown command.
You hit the gnoll sergeant.
You kill the gnoll sergeant!
Okawaru is honoured by your kill.
You can now gain great but temporary skills.
You hit the gnoll. You block the gnoll's attack. The gnoll barely misses you.
You block the gnoll's attack.
Unknown command.
You barely miss the gnoll. You grab the gnoll. You barely miss the gnoll.
You constrict the gnoll. The gnoll misses you. The gnoll barely misses you.
Unknown command.
You hit the gnoll.
The gnoll is heavily wounded.
You barely miss the gnoll. You constrict the gnoll.
You block the gnoll's attack.
The gnoll struggles to escape constriction.
The gnoll hits you with a +0 halberd!
You die...

...####..##...## ..
....#...####...####.#
......#####.....##..#
..# .###..#
##...##....( #..# ##
##.###...## #...#
#.... # #..#..###
#..####.... #.....#
#.......... # #..##.##
##g.....# . #.###..##
##@#.....# #. ##..#
##g###....# ..
#..###.## ##...# .
#.......# #...#
##.......# ##...#
......##....# ...g(
......######.g.....g..
.......# #..........
.##....# #..#......


You could see 2 gnolls.

Vanquished Creatures
  A gnoll sergeant (D:5)
  2 scorpions
  4 gnolls
  6 adders
  A worm (D:3)
  15 ball pythons
  5 bats
  9 endoplasms
  7 giant cockroaches
  9 goblins
  6 hobgoblins
  4 jackals (D:1)
  5 quokkas
  A frilled lizard (D:1)
  22 kobolds
  7 rats
104 creatures vanquished.

Notes
Turn   | Place    | Note
-------+----------+-------------------------------------------
     0 | D:1      | Kurtz the Octopode Fighter began the quest for the Orb.
     0 | D:1      | Reached XP level 1. HP: 16/16 MP: 1/1
    97 | D:1      | Reached XP level 2. HP: 19/21 MP: 2/2
   203 | D:1      | Found a faded altar of an unknown god.
   337 | D:1      | Reached XP level 3. HP: 26/26 MP: 3/3
   658 | D:2      | Reached skill level 3 in Axes
   848 | D:2      | Reached XP level 4. HP: 19/31 MP: 4/4
  1257 | D:3      | Found Idaenk's General Store.
  1268 | D:3      | Bought a +0 kite shield for 49 gold pieces
  1268 | D:3      | Bought a scroll of identify for 22 gold pieces
  1375 | D:3      | Found a glowing drain.
  1408 | Sewer    | Entered a sewer
  1761 | D:3      | Reached XP level 5. HP: 37/37 MP: 5/5
  1801 | D:3      | Reached skill level 4 in Axes
  2447 | D:4      | Found a staircase to the Ecumenical Temple.
  2466 | Temple   | Entered the Ecumenical Temple
  2502 | Temple   | Became a worshipper of Warmaster Okawaru
  2520 | D:4      | Found a broken altar of Ashenzari.
  2611 | D:4      | Reached XP level 6. HP: 38/43 MP: 6/6
  2725 | D:4      | You fall into a shaft and drop 2 floors!
  2746 | D:5      | Entered Level 5 of the Dungeon
  2775 | D:5      | Reached skill level 5 in Axes
  2775 | D:5      | Reached skill level 1 in Invocations
  3023 | D:5      | Reached * piety under Okawaru
  3025 | D:5      | Slain by a gnoll

Illustrated notes

Levels and vault maps discovered:
D:1:      saegor_arrival_simple_c, layout_rooms, basic_ecumenical_altar,
          skrybe_limestone_x
D:2:      layout_rooms
D:3:      layout_loops_ring, serial_shops, nicolae_diamond_shop,
          portal_sewer_entry_b, chequers_serial_rivers_large_a
D:4:      layout_cave_pools, cheibrodos_ashenzari_chains,
          minmay_temple_entry_tees, uniq_crazy_yiuf_cottage
D:5:      layout_layer_cave, uniq_duvessa, uniq_edmund
D:6:      layout_gridville, st_stairs_9, minmay_quadrilaterals
Temple:   nicolae_temple_god_jail

Skill      XL: |  1  2  3  4  5  6 |
---------------+-------------------+-----
Axes           | 3 4 5 |  5.5
Fighting       | 4 |  4.3
Invocations    | 1 |  1.2
Dodging        | |  3.0
Shields        | |  3.9

Action                     |  1- 3 |  4- 6 || total
---------------------------+-------+-------++-------
  Melee: War axe           |    57 |   112 ||   169
         Constrict         |    14 |    24 ||    38
         Tentacles         |     5 |    13 ||    18
         Punch             |       |     2 ||     2
  Throw: Dart              |       |     4 ||     4
    Use: Scroll            |       |     5 ||     5
         Potion            |       |     4 ||     4
   Stab: Sleeping          |     6 |     5 ||    11
 Armour: Skin              |    18 |    53 ||    71
  Dodge: Dodged            |    35 |    66 ||   101
  Block: Buckler           |    15 |     4 ||    19
         Kite shield       |       |    62 ||    62

Table legend: (Time is in decaauts)
 A = Elapsed time spent in this place.
 B = Non-inter-level travel time spent in this place.
 C = Inter-level travel time spent in this place.
 D = Time resting spent in this place.
 E = Time spent auto-exploring this place.
 F = Levels seen in this place.
 G = Mean time per level.
                   A        B        C        D        E       F      G
               +--------+--------+--------+--------+--------+-----+--------+
         Total |   3099 |   2869 |    230 |    320 |   1805 |   8 |  387.4 |
       Dungeon |   2765 |   2569 |    196 |    320 |   1630 |   6 |  460.8 |
        Temple |     50 |     16 |     34 |      0 |      0 |   1 |   50.0 |
         Sewer |    283 |    283 |      0 |      0 |    175 |   1 |  283.0 |
               +--------+--------+--------+--------+--------+-----+--------+

Top non-repeatable levels by time:
     D:3: 788 daAuts
     D:2: 705 daAuts
     D:1: 575 daAuts
     D:4: 391 daAuts
     D:5: 283 daAuts
   Sewer: 283 daAuts
  Temple: 50 daAuts
     D:6: 20 daAuts
